 Dungeon Crawl Stone Soup version 0.28.0-53-g5a82cb258f (webtiles) character file.

Game seed: 50867395859075142

126 Peloso the Skirmisher (level 4, -5/41 HPs)
             Began as a Minotaur Fighter on July 28, 2022.
             Slain by Edmund
             ... wielding a +2 flail of protection
              (6 damage)
             ... on level 3 of the Dungeon.
             The game lasted 00:03:28 (2694 turns).

Peloso the Skirmisher (Minotaur Fighter)            Turns: 2694, Time: 00:03:29

Health: -5/41      AC:  7    Str: 21    XL:     4   Next: 84%
Magic:  3/3        EV:  9    Int:  5    God:
Gold:   153        SH:  4    Dex: 11    Spells: 3/3 levels left

rFire   . . .      SeeInvis .   a - +0 long sword
rCold   + . .      Faith    .   c - +0 buckler
rNeg    . . .      Spirit   .   b - +0 scale mail
rPois   .          Reflect  .   (helmet restricted)
rElec   .          Harm     .   (no cloak)
rCorr   .          Rampage  .   (no gloves)
Will    .....                   (no boots)
Stlth   ..........              (no amulet)
HPRegen 0.13/turn               h - ring of protection from cold
MPRegen 0.08/turn               (no ring)

@: no status effects
A: horns 2, retaliatory headbutt
a: no special abilities


You were on level 3 of the Dungeon.
You visited 1 branch of the dungeon, and saw 4 of its levels.

You collected 153 gold pieces.

Inventory:

Hand Weapons
 a - a +0 long sword (weapon)
Armour
 b - a +0 scale mail (worn)
 c - a +0 buckler (worn)
Jewellery
 e - an amulet of faith
 h - a ring of protection from cold (left hand)
Scrolls
 f - a scroll of noise {unknown}
 j - a scroll of teleportation
 l - a scroll of immolation {unknown}
 m - a scroll of blinking {unknown}
 n - a scroll of magic mapping {unknown}
Potions
 d - a potion of might
 g - a potion of curing
 i - a potion of brilliance
 k - a potion of heal wounds


   Skills:
 + Level 4.8 Fighting
 + Level 3.5 Long Blades
 + Level 4.7 Armour
 + Level 0.7 Dodging
 + Level 0.3 Stealth
 + Level 4.1 Shields


You had 3 spell levels left.
You didn't know any spells.
Your spell library was empty.

Dungeon Overview and Level Annotations

Branches:
Dungeon (4/15)
 Temple: D:4-7

Altars:
The Shining One

Annotations:
D:3 Edmund
D:4 Sigmund


Innate Abilities, Weirdness & Mutations

You have a pair of horns on your head.
You reflexively headbutt those who attack you in melee.


Message History

Edmund hits you with a +2 flail of protection.
You block Sigmund's attack.
You climb upwards.
There is a stone staircase leading down here.
You barely miss Edmund.
Edmund hits you with a +2 flail of protection.
You hit Edmund but do no damage. Edmund closely misses you.
You hit Edmund but do no damage. You headbutt Edmund, but do no damage.
Edmund closely misses you. x2
You barely miss Edmund. Edmund barely misses you.
You barely miss Edmund.
Edmund hits you with a +2 flail of protection!
You hit Edmund but do no damage.
Edmund hits you with a +2 flail of protection.
You hit Edmund but do no damage. You headbutt Edmund, but do no damage.
You block Edmund's attack.
Edmund hits you with a +2 flail of protection!
* * * LOW HITPOINT WARNING * * *
You barely miss Edmund.
Edmund hits you with a +2 flail of protection.
* * * LOW HITPOINT WARNING * * *
You hit Edmund but do no damage. You block Edmund's attack.
You hit Edmund but do no damage. Edmund closely misses you.
You feel much better. Edmund barely misses you.
You barely miss Edmund. Your headbutt misses Edmund. You block Edmund's attack.
Edmund hits you with a +2 flail of protection.
You closely miss Edmund. You block Edmund's attack.
You slash Edmund!
Edmund is lightly wounded.
Edmund hits you with a +2 flail of protection.
You hit Edmund but do no damage.
Edmund is lightly wounded.
Edmund hits you with a +2 flail of protection!
* * * LOW HITPOINT WARNING * * *
Edmund hits you with a +2 flail of protection.
* * * LOW HITPOINT WARNING * * *
You slash Edmund! Your headbutt misses Edmund.
Edmund is heavily wounded.
Edmund hits you with a +2 flail of protection.
You die...

....#.#...#.#..#.# #...#.......
..###.....#.#....# #.###.......
......#.#.#.#.#..# #.# #.######
##.#....(...#.#..#####.###.######
...#..#.#.#.#.##.....#.....##...#
####...#......##..##.####..##.#.#
.# #..#.#.#.#.##..#....<#...#.#.#
.###..............#.......#.#.#.#
.)....#.......#.@.).#.#####.#.#.#
.###............@...........#.#.#
.# #..#.#.....#.#[#.#.#######.#..
.# ##.....).........#.........#.#
.# #.#.#.#...#.#.#.#....########
.# #..#.......#.........'.......
.# #[#.#.#.#.#.#.#.#....########
.####....................#
<..##.#.#<#.#..[..###....#


You could see Edmund.

Vanquished Creatures
  Terence (D:3)
  3 adders
  3 dart slugs
  2 worms
  An orc (D:3)
  9 ball pythons
  4 endoplasms
  2 goblins
  3 hobgoblins
  10 jackals
  3 kobolds
  4 quokkas
  3 bats
  4 frilled lizards
  9 rats
61 creatures vanquished.

Notes
Turn   | Place    | Note
-------+----------+-------------------------------------------
     0 | D:1      | Peloso the Minotaur Fighter began the quest for the Orb.
     0 | D:1      | Reached XP level 1. HP: 19/19 MP: 0/0
    11 | D:1      | Found a faded altar of an unknown god.
   167 | D:1      | Reached XP level 2. HP: 24/27 MP: 1/1
   806 | D:1      | Reached XP level 3. HP: 33/33 MP: 2/2
  1150 | D:2      | You fall into a shaft and drop 2 floors!
  1169 | D:4      | Noticed Edmund
  1170 | D:4      | Noticed Sigmund
  1175 | D:3      | Noticed Terence
  1186 | D:3      | Killed Terence
  1187 | D:3      | Reached XP level 4. HP: 9/41 MP: 3/3
  2188 | D:3      | Found a glowing golden altar of the Shining One.
  2693 | D:3      | HP: 1/41 [Edmund/+2 flail of protection (5)]
  2694 | D:3      | Slain by Edmund

Illustrated notes

Levels and vault maps discovered:
D:1:      matt_arrival_grand_opening, layout_rooms,
          nicolae_ecumenical_snake_handling, grunt_decor_fettered
D:2:      layout_basic, chequers_serial_rivers_micro_b
D:3:      layout_basic, mainiacjoe_overflow_tiny_flanked,
          hangedman_decor_riveting, uniq_terence
D:4:      layout_loops_ring, mainiacjoe_overflow_24_doors,
          minmay_temple_entry_waves, nrook_loot_triangle, st_stairs_5,
          minmay_crystal_water, minmay_ruptured, uniq_robin, uniq_sigmund,
          uniq_edmund, uniq_pikel, uniq_ijyb

Skill      XL: |  1  2  3 |
---------------+----------+-----
Armour         | 4 |  4.7
Shields        | 4 |  4.1
Fighting       | 4 |  4.8
Long Blades    | 3 |  3.5
Dodging        | |  0.7
Stealth        | |  0.3

Action                   |  1- 3 |  4- 6 || total
-------------------------+-------+-------++-------
Melee: Long sword        |    76 |    70 ||   146
       Headbutt          |     9 |    14 ||    23
  Use: Scroll            |       |     5 ||     5
       Potion            |       |     1 ||     1
Armor: Scale mail        |    41 |    20 ||    61
Dodge: Dodged            |    47 |    42 ||    89
Block: Buckler           |    25 |    14 ||    39
